 Dungeon Crawl Stone Soup version 0.27-a0-550-ge92ec0ca06 (webtiles) character file.

Game seed: 9733334943445660432

56 siradein the Slasher (level 3, -3/21 HPs)
             Began as a Gargoyle Gladiator on Mar 7, 2021.
             Slain by Natasha (5 damage)
             ... on level 1 of the Dungeon.
             The game lasted 00:02:04 (1425 turns).

siradein the Slasher (Gargoyle Gladiator)           Turns: 1425, Time: 00:02:05

Health: -3/21      AC:  7    Str: 17    XL:     3   Next: 95%
Magic:  3/3        EV:  7    Int:  8    God:
Gold:   133        SH: 11    Dex: 12    Spells: 2/2 levels left

rFire    . . .     SeeInvis .   a - +0 long sword
rCold    . . .     Faith    .   m - +0 tower shield
rNeg     + . .     Spirit   .   b - +0 leather armour
rPois    ∞         Reflect  .   c - +0 helmet
rElec    +         Harm     .   (no cloak)
rCorr    .         Rampage  .   (no gloves)
Will     .....                  (no boots)
Stlth    +.........             (no amulet)
HPRegen  0.07/turn              (no ring)
MPRegen  0.08/turn              (no ring)

@: slowed, very slow
A: negative energy resistance 1, electricity resistance, torment resistance 1,
unbreathing 1, petrification resistance, AC +3
a: no special abilities


You were on level 1 of the Dungeon.
You visited 1 branch of the dungeon, and saw 2 of its levels.

You collected 133 gold pieces.

Inventory:

Hand Weapons
 a - a +0 long sword (weapon)
Missiles
 d - 3 throwing nets (quivered)
 g - 3 boomerangs
Armour
 b - a +0 leather armour (worn)
 c - a +0 helmet (worn)
 m - a +0 tower shield (worn)
Scrolls
 e - a scroll of enchant weapon {unknown}
 f - a scroll of magic mapping {unknown}
 l - 2 scrolls of identify {unknown}
 n - a scroll of teleportation {unknown}
Potions
 h - a potion of lignification {unknown}
 i - 2 potions of invisibility {unknown}
 j - a potion of degeneration {unknown}
 k - a potion of haste {unknown}


   Skills:
 - Level 2.1 Fighting
 + Level 3.5 Long Blades
 + Level 2.9 Throwing
 - Level 2.4 Dodging


You had 2 spell levels left.
You didn't know any spells.
Your spell library was empty.

Dungeon Overview and Level Annotations

Branches:
Dungeon (2/15)

Altars:

Annotations:
D:1 Natasha


Innate Abilities, Weirdness & Mutations

Your stone body is resilient. (AC +3)
You are immune to poison.
You resist negative energy. (rN+)
You are resistant to electric shocks. (rElec)
You are resistance to unholy torment.
You can survive without breathing.
You are immune to petrification.


Message History

The worm bites you!
You hit the worm.
The worm is heavily wounded.
You block Natasha's attack. The worm barely misses you.
Natasha claws you but does no damage.
You barely miss the worm.
The worm is moderately wounded.
You block Natasha's attack. The worm bites you!
* * * LOW HITPOINT WARNING * * *
You block Natasha's attack.
Natasha wildly gestures.
Natasha glows brightly for a moment.
Natasha stares at you and mumbles some strange words.
You resist with significant effort. Natasha casts a spell at you.
You resist with significant effort.
Natasha wildly gestures.
Natasha's front paws start to glow.
There is an open door here.
Natasha stares at you and mumbles some strange words.
You resist with significant effort. Natasha casts a spell at you.
You feel yourself slow down. Natasha casts a spell at you.
The magic dart hits you.
* * * LOW HITPOINT WARNING * * *
There is a stone staircase leading up here.
Natasha barely misses you. Natasha claws you but does no damage.
You climb upwards.
There is a stone staircase leading down here.
You block Natasha's attack. You block Natasha's attack.
Natasha mumbles some strange words.
Natasha's front paws start to glow.
Natasha wildly gestures.
You feel disoriented. Natasha casts a spell at you.
You feel as though you will be slow longer.
Natasha claws you.
You die...

#####################
#...................#
#.###..h@.........#.#
#......###.######.#.#
#..##..###.## #.#.#
#..##..##...# ##.#.#
#..##..##...####.#..#
####..##.>##.......###.###
##.........##...####.#....###
#...............#####.#......
#..##.....................÷).


You could see Natasha.

Vanquished Creatures
  An adder (D:2)
  An ooze (D:2)
  A dart slug (D:2)
  2 leopard geckos (D:1)
  5 bats (D:1)
  2 giant cockroaches
  4 goblins
  4 hobgoblins (D:1)
  4 jackals (D:2)
  A frilled lizard (D:1)
  5 kobolds
  5 rats (D:1)
35 creatures vanquished.

Notes
Turn   | Place    | Note
-------+----------+-------------------------------------------
     0 | D:1      | siradein the Gargoyle Gladiator began the quest for the
                  | Orb.
     0 | D:1      | Reached XP level 1. HP: 12/12 MP: 1/1
   254 | D:1      | Reached skill level 3 in Long Blades
   254 | D:1      | Reached XP level 2. HP: 17/17 MP: 2/2
   707 | D:1      | Reached XP level 3. HP: 21/21 MP: 3/3
  1395 | D:2      | Noticed Natasha
  1417 | D:2      | HP: 1/21 [Natasha/magic dart (5)]
  1425 | D:1      | Slain by Natasha

Illustrated notes

Levels and vault maps discovered:
D:1:      lightli_arrival_maybe_door_vault, layout_loops_ring
D:2:      layout_basic, chequers_serial_rivers_large_b, tso_altar, uniq_natasha

Skill      XL: |  1 |
---------------+----+-----
Throwing       | 2 |  2.9
Long Blades    | 3 |  3.5
Fighting       | |  2.1
Dodging        | |  2.4

Action                   || total
-------------------------++-------
Melee: Long sword        ||    90
Armor: Leather armour    ||    33
Dodge: Dodged            ||    66
Block: Tower shield      ||    37
       Rpst.: Long sword ||    24

Table legend: (Time is in decaauts)
 A = Elapsed time spent in this place.
 B = Non-inter-level travel time spent in this place.
 C = Inter-level travel time spent in this place.
 D = Time resting spent in this place.
 E = Time spent auto-exploring this place.
 F = Levels seen in this place.
 G = Mean time per level.
                   A        B        C        D        E       F      G
               +--------+--------+--------+--------+--------+-----+--------+
         Total |   1468 |   1435 |     33 |      0 |   1114 |   2 |  734.0 |
       Dungeon |   1468 |   1435 |     33 |      0 |   1114 |   2 |  734.0 |
               +--------+--------+--------+--------+--------+-----+--------+

Top non-repeatable levels by time:
     D:1: 913 daAuts
     D:2: 554 daAuts
